 Dungeon Crawl Stone Soup version 0.26-a0-597-gb535b0901c (webtiles) character file.

Game seed: 12878191662335936638

9738 Apogee the Thaumaturge (level 11, -3/86 HPs)
             Began as a Gnoll Warper on Sept 3, 2020.
             Was a Priest of Cheibriados.
             Slain by a catoblepas (11 damage)
             ... while petrified by you
             ... on level 11 of the Dungeon.
             The game lasted 00:25:19 (13713 turns).

Apogee the Thaumaturge (Gnoll Warper)              Turns: 13713, Time: 00:25:19

Health: -3/86      AC: 19    Str: 23    XL:     11   Next: 51%
Magic:  23/23      EV:  2    Int: 30    God:    Cheibriados [***...]
Gold:   207        SH:  0    Dex: 22    Spells: 15/26 levels left

rFire    + . .     SeeInvis .   a - +1 trident "Vuroxtag" {flame, rF+ Int+4}
rCold    . . .     Faith    .   G - +0 buckler
rNeg     + + +     Spirit   .   L - +3 scale mail
rPois    ∞         Reflect  .   K - +0 helmet
rElec    .         Harm     .   O - scarf {+Inv}
rCorr    .                      R - +0 pair of gloves
MR       .....                  T - +1 pair of boots
Stlth    ++........             (no amulet)
HPRegen  0.24/turn              t - +4 ring of protection
MPRegen  0.18/turn              h - ring of poison resistance

@: petrified, very slow
A: distributed training, fangs 1, strong nose
a: Bend Time, Temporal Distortion, Renounce Religion, Evoke Invisibility


You were on level 11 of the Dungeon.
You worshipped Cheibriados.
Cheibriados was most pleased with you.
You visited 2 branches of the dungeon, and saw 12 of its levels.

You collected 807 gold pieces.
You spent 600 gold pieces at shops.

Inventory:

Hand Weapons
 a - the +1 trident "Vuroxtag" (weapon) {flame, rF+ Int+4}
   (You found it on level 9 of the Dungeon)

   It has been specially enchanted to burn those struck by it, causing extra
   injury to most foes and up to half again as much damage against particularly
   susceptible opponents.
   It affects your intelligence (+4).
   It protects you from fire.
 b - a +0 rapier
   (You bought it in a shop on level 5 of the Dungeon)
 k - a +0 hunting sling
   (You found it on level 1 of the Dungeon)
 M - a +2 whip of electrocution
   (You took it off Pikel on level 6 of the Dungeon)
 P - a +0 short sword
Missiles
 f - 322 stones
 B - 5 boomerangs (quivered)
 C - 5 throwing nets {!f}
 E - 5 boomerangs of dispersal {!f}
 J - 3 silver boomerangs
Armour
 l - a +0 pair of boots
   (You found it on level 1 of the Dungeon)
 o - a scarf of resistance
   (You found it on level 10 of the Dungeon)
 y - a +0 ring mail
   (You found it on level 3 of the Dungeon)
 G - a +0 buckler (worn)
   (You bought it in a shop on level 5 of the Dungeon)
 H - a +0 leather armour
 K - a +0 helmet (worn)
   (You found it on level 1 of the Dungeon)
 L - a +3 scale mail (worn)
   (You took it off an orc on level 6 of the Dungeon)
 O - a scarf of invisibility (worn)
   (You found it on level 7 of the Dungeon)
 R - a +0 pair of gloves (worn)
   (You found it on level 9 of the Dungeon)
 T - a +1 pair of boots (worn)
   (You found it on level 11 of the Dungeon)
Jewellery
 h - a ring of poison resistance (right hand)
   (You found it on level 1 of the Dungeon)
 t - a +4 ring of protection (left hand)
   (You took it off a hobgoblin on level 2 of the Dungeon)
Wands
 c - a wand of disintegration (18)
   (You found it on level 6 of the Dungeon)
 d - a wand of iceblast (3)
   (You found it on level 4 of the Dungeon)
 v - a wand of digging (3)
   (You found it on level 3 of the Dungeon)
Scrolls
 g - 4 scrolls of teleportation {unknown}
 i - 8 scrolls of magic mapping
 j - 4 scrolls of fear {unknown}
 m - 7 scrolls of remove curse {@r2}
 r - 5 scrolls of enchant armour {unknown}
 u - 3 scrolls of enchant weapon {unknown}
 w - 2 scrolls of noise {unknown}
 x - 2 scrolls of fog {unknown}
 D - 4 scrolls of blinking
 N - 3 scrolls of immolation {unknown}
 S - a scroll of acquirement {unknown}
Potions
 e - a potion of degeneration {!q}
 n - a potion of invisibility
 p - 4 potions of haste {@q3}
 q - 9 potions of curing {@q1}
 s - 3 potions of flight
 z - a potion of magic {unknown}
 A - a potion of experience {unknown}
 F - 4 potions of heal wounds {@q2}
 I - 2 potions of cancellation
 Q - a potion of lignification {!q}
 U - a potion of stabbing {unknown}


   Skills:
 + Level 7.9 Fighting
 + Level 7.9 Short Blades
 + Level 6.3 Long Blades
 + Level 6.3 Axes
 + Level 6.3 Maces & Flails
 + Level 6.3 Polearms
 + Level 6.3 Staves
 + Level 6.3 Slings
 + Level 6.3 Bows
 + Level 6.3 Crossbows
 + Level 6.9 Throwing
 + Level 6.9 Armour
 + Level 7.9 Dodging
 + Level 6.3 Stealth
 + Level 6.3 Shields
 + Level 6.3 Unarmed Combat
 + Level 8.2 Spellcasting
 + Level 5.2 Conjurations
 + Level 5.2 Hexes
 + Level 5.2 Summonings
 + Level 5.2 Necromancy
 + Level 7.7 Translocations
 + Level 5.2 Transmutations
 + Level 5.2 Fire Magic
 + Level 5.2 Ice Magic
 + Level 5.2 Air Magic
 + Level 5.2 Earth Magic
 + Level 5.2 Poison Magic
 + Level 7.0 Invocations
 + Level 6.3 Evocations


You had 15 spell levels left.
You knew the following spells:

 Your Spells              Type           Power        Failure   Level
b - Blink                 Tloc           N/A          1%          2
f - Mephitic Cloud        Conj/Pois/Air  #####...     3%          3
v - Passage of Golubria   Tloc           N/A          4%          4
x - Ensorcelled Hibernat  Hex/Ice        #####.       1%          2

Your spell library contained the following spells:

 Spells                   Type           Power        Failure   Level
 Corona                   Hex            #####..      1%          1
 Magic Dart               Conj           ####         1%          1
 Call Imp                 Summ           #####...     1%          2
 Slow                     Hex            #####...     1%          2
 Gell's Gravitas          Tloc           ######....   1%          3
 Lesser Beckoning         Tloc           ######....   1%          3
 Teleport Other           Tloc           ######..     1%          3
 Confusing Touch          Hex            #####...     3%          3
 Conjure Flame            Conj/Fire      #####...     3%          3
 Dazzling Flash           Conj/Hex       #####.       3%          3
 Tukima's Dance           Hex            #####...     3%          3


Dungeon Overview and Level Annotations

Branches:
Dungeon (11/15)            Temple (1/1) D:4            Lair (0/6) D:9
    Orc (0/2) D:11

Altars:
Ashenzari
Cheibriados
Dithmenos
Elyvilon
Fedhas
Gozag
Hepliaklqana
Kikubaaqudgha
Makhleb
Nemelex Xobeh
Okawaru
Qazlal
Ru
Sif Muna
Trog
Uskayaw
Vehumet
Wu Jian
Xom
Yredelemnul
Zin
The Shining One

Shops:
D:5 *   D:6 [   D:11 :

Annotations:
D:4 1 runed translucent door, Crazy Yiuf


Innate Abilities, Weirdness & Mutations

Your experience applies equally to all skills.
You have very sharp teeth.
Your uncanny sense of smell can sniff out nearby items.


Message History

The catoblepas breathes a plume of calcifying dust at you.
The blast of calcifying dust hits you but does no damage.
The catoblepas gores you but does no damage.
Unknown command.
You barely miss the catoblepas.
You bite the catoblepas, but do no damage.
The catoblepas misses you.
You hit the catoblepas. You burn the catoblepas.
The catoblepas gores you but does no damage.
You hit the catoblepas. You burn the catoblepas.
You bite the catoblepas, but do no damage.
The catoblepas misses you.
You puncture the catoblepas! You burn the catoblepas.
The catoblepas gores you!!
You hit the catoblepas but do no damage.
You bite the catoblepas. The catoblepas gores you!!
* * * LOW HITPOINT WARNING * * *
You puncture the catoblepas! You burn the catoblepas.
You bite the catoblepas, but do no damage.
The catoblepas gores you but does no damage.
Unknown command.
You completely miss the catoblepas.
The catoblepas breathes a plume of calcifying dust at you.
The blast of calcifying dust hits you.
* * * LOW HITPOINT WARNING * * *
The catoblepas smashes its foot into the ground.
You hit the catoblepas but do no damage.
The catoblepas breathes a plume of calcifying dust at you.
The blast of calcifying dust hits you but does no damage.
You hit the catoblepas but do no damage.
You are engulfed in calcifying dust.
You are slowing down.
The catoblepas barely misses you.
Unknown command.
Unknown command.
Unknown command.
The catoblepas gores you!
* * * LOW HITPOINT WARNING * * *
The catoblepas gores you!!
* * * LOW HITPOINT WARNING * * *
The catoblepas gores you!!
* * * LOW HITPOINT WARNING * * *
You have turned to stone.
The catoblepas barely misses you.
The catoblepas gores you but does no damage.
The quokka is no longer petrified.
The catoblepas gores you!
* * * LOW HITPOINT WARNING * * *
The catoblepas gores you but does no damage.
The catoblepas gores you!!
You die...

.....##..####.# #.#.#
########....'.# #.#.#
...>.# ######.# #...#
#.#### ### #'### #....#
#..# ####.#
##########'### ####.####
#...........<# ........#
#(........)..# .......>#
#.....@r.....# ........#
#......Y.....#
........###............#
..........+............#
........###............#
#.####### ########'#####
#.# #.# #.# #.# #.# #.#


You could see a catoblepas and a quokka.

Vanquished Creatures
  Erolcha (D:9)
  A two-headed ogre (D:11)
  Pikel (D:6)
  An ugly thing (D:11)
  3 trolls
  A hippogriff (D:9)
  A wind drake (shapeshifter) (D:10)
  A wyvern (D:11)
  A shadow (D:10)
  10 yaks
  3 orc warriors
  A water moccasin (D:8)
  A black bear (D:10)
  2 sky beasts
  An eye of draining (D:9)
  2 ice beasts
  3 phantoms
  4 wolves (D:9)
  5 centaurs
  A necrophage (D:6)
  8 ogres
  2 lemures (D:6)
  A gnoll sergeant (D:9)
  7 bullfrogs
  A wyvern skeleton (D:7)
  A water moccasin skeleton (D:4)
  4 scorpions
  2 electric eels (D:9)
  2 centaur zombies
  A quasit (D:7)
  10 hounds
  4 orc priests
  A jelly (D:11)
  3 centaur skeletons
  Natasha (D:3)
  2 iguanas
  7 orc wizards
  6 worker ants
  A hound skeleton (D:6)
  A worker ant zombie (D:5)
  A howler monkey zombie (D:10)
  7 gnolls
  7 adders
  A white imp (D:3)
  4 ufetubi
  2 oozes
  2 worms
  4 dart slugs
  5 leopard geckos
  25 orcs
  8 giant cockroaches
  14 hobgoblins
  5 jackals
  11 kobolds
  2 quokkas
  10 bats
  7 frilled lizards
  5 goblins
  A quokka skeleton (D:4)
  11 rats
241 creatures vanquished.

Vanquished Creatures (others)
  2 plants (D:6)
2 creatures vanquished.

Grand Total: 243 creatures vanquished

Notes
Turn   | Place    | Note
-------+----------+-------------------------------------------
     0 | D:1      | Apogee the Gnoll Warper began the quest for the Orb.
     0 | D:1      | Reached XP level 1. HP: 20/20 MP: 6/6
   244 | D:1      | Reached XP level 2. HP: 26/26 MP: 7/7
   592 | D:1      | Reached XP level 3. HP: 29/31 MP: 9/9
   604 | D:1      | Reached skill level 5 in Spellcasting
   842 | D:1      | Reached skill level 1 in Invocations
  1593 | D:2      | Reached skill level 1 in Long Blades
  1593 | D:2      | Reached skill level 1 in Axes
  1593 | D:2      | Reached skill level 1 in Maces & Flails
  1593 | D:2      | Reached skill level 1 in Polearms
  1593 | D:2      | Reached skill level 1 in Staves
  1593 | D:2      | Reached skill level 1 in Slings
  1593 | D:2      | Reached skill level 1 in Bows
  1593 | D:2      | Reached skill level 1 in Crossbows
  1593 | D:2      | Reached skill level 1 in Stealth
  1593 | D:2      | Reached skill level 1 in Shields
  1593 | D:2      | Reached skill level 1 in Unarmed Combat
  1593 | D:2      | Reached skill level 1 in Evocations
  1649 | D:2      | Learned a level 2 spell: Blink
  1659 | D:2      | Reached XP level 4. HP: 38/38 MP: 11/11
  2503 | D:3      | Reached skill level 1 in Conjurations
  2503 | D:3      | Reached skill level 1 in Hexes
  2503 | D:3      | Reached skill level 1 in Summonings
  2503 | D:3      | Reached skill level 1 in Necromancy
  2503 | D:3      | Reached skill level 1 in Transmutations
  2503 | D:3      | Reached skill level 1 in Fire Magic
  2503 | D:3      | Reached skill level 1 in Ice Magic
  2503 | D:3      | Reached skill level 1 in Air Magic
  2503 | D:3      | Reached skill level 1 in Earth Magic
  2503 | D:3      | Reached skill level 1 in Poison Magic
  2660 | D:3      | Reached XP level 5. HP: 38/43 MP: 12/12
  3492 | D:3      | Noticed Natasha
  3503 | D:3      | Killed Natasha
  3660 | D:4      | Found a runed translucent door.
  3661 | D:4      | Noticed Crazy Yiuf
  3798 | D:4      | Found a staircase to the Ecumenical Temple.
  3815 | Temple   | Entered the Ecumenical Temple
  4061 | Temple   | Became a worshipper of Cheibriados the Contemplative
  4197 | D:4      | Reached XP level 6. HP: 36/50 MP: 13/13
  4576 | D:4      | Reached skill level 5 in Fighting
  4576 | D:4      | Reached skill level 5 in Short Blades
  4576 | D:4      | Reached skill level 5 in Dodging
  4737 | D:4      | Reached XP level 7. HP: 24/56 MP: 9/15
  5003 | D:5      | Entered Level 5 of the Dungeon
  5003 | D:5      | Found a shadowy altar of Dithmenos.
  5648 | D:5      | Found Mogionil's Assorted Antiques.
  5695 | D:5      | Bought a buckler for 148 gold pieces
  5695 | D:5      | Bought a rapier for 132 gold pieces
  5749 | D:5      | Reached XP level 8. HP: 55/63 MP: 16/16
  6520 | D:6      | Reached skill level 6 in Spellcasting
  6853 | D:6      | Noticed Pikel
  6901 | D:6      | Killed Pikel
  6901 | D:6      | Reached XP level 9. HP: 32/69 MP: 15/18
  6908 | D:6      | Reached * piety under Cheibriados
  7343 | D:6      | Found an ornate altar of the Wu Jian Council.
  7344 | D:6      | Found a burning altar of Makhleb.
  7344 | D:6      | Found a hazy altar of Hepliaklqana.
  7356 | D:6      | Found Plog's Armour Emporium.
  7661 | D:6      | Reached skill level 5 in Throwing
  7661 | D:6      | Reached skill level 5 in Armour
  7998 | D:6      | Reached ** piety under Cheibriados
  8766 | D:7      | Found a sparkling altar of Nemelex Xobeh.
  8957 | D:7      | Reached skill level 5 in Invocations
  9062 | D:7      | Found a sparkling altar of Nemelex Xobeh.
  9064 | D:7      | Found a shimmering altar of Xom.
  9064 | D:7      | Found a shimmering altar of Xom.
  9066 | D:7      | Found a sacrificial altar of Ru.
  9066 | D:7      | Found a snail-covered altar of Cheibriados.
  9066 | D:7      | Found a radiant altar of Vehumet.
  9877 | D:8      | Reached *** piety under Cheibriados
 10018 | D:8      | Reached skill level 7 in Spellcasting
 10021 | D:8      | Reached XP level 10. HP: 63/77 MP: 20/20
 10030 | D:8      | Learned a level 2 spell: Ensorcelled Hibernation
 10807 | D:9      | Reached skill level 5 in Long Blades
 10807 | D:9      | Reached skill level 5 in Axes
 10807 | D:9      | Reached skill level 5 in Maces & Flails
 10807 | D:9      | Reached skill level 5 in Polearms
 10807 | D:9      | Reached skill level 5 in Staves
 10807 | D:9      | Reached skill level 5 in Slings
 10807 | D:9      | Reached skill level 5 in Bows
 10807 | D:9      | Reached skill level 5 in Crossbows
 10807 | D:9      | Reached skill level 5 in Stealth
 10807 | D:9      | Reached skill level 5 in Shields
 10807 | D:9      | Reached skill level 5 in Unarmed Combat
 10807 | D:9      | Reached skill level 5 in Evocations
 11019 | D:9      | Found a staircase to the Lair.
 11032 | D:9      | Noticed Erolcha
 11041 | D:9      | Reached **** piety under Cheibriados
 11043 | D:9      | Killed Erolcha
 11049 | D:9      | Learned a level 4 spell: Passage of Golubria
 11101 | D:9      | Got a fine trident
 11111 | D:9      | Identified the cursed +1 trident "Vuroxtag" {flame, rF+
                  | Int+4} (You found it on level 9 of the Dungeon)
 11894 | D:10     | Entered Level 10 of the Dungeon
 11971 | D:10     | Reached XP level 11. HP: 30/84 MP: 14/22
 12132 | D:10     | Reached skill level 5 in Conjurations
 12132 | D:10     | Reached skill level 5 in Hexes
 12132 | D:10     | Reached skill level 5 in Summonings
 12132 | D:10     | Reached skill level 5 in Necromancy
 12132 | D:10     | Reached skill level 5 in Transmutations
 12132 | D:10     | Reached skill level 5 in Fire Magic
 12132 | D:10     | Reached skill level 5 in Ice Magic
 12132 | D:10     | Reached skill level 5 in Air Magic
 12132 | D:10     | Reached skill level 5 in Earth Magic
 12132 | D:10     | Reached skill level 5 in Poison Magic
 12487 | D:10     | Noticed an anaconda
 12494 | D:10     | Noticed an alligator
 12494 | D:10     | an anaconda changed into an alligator
 12496 | D:10     | an alligator changed into a tyrant leech
 12497 | D:10     | Noticed an alligator
 12497 | D:10     | a tyrant leech changed into an alligator
 12501 | D:10     | Noticed a queen ant
 12501 | D:10     | an alligator changed into a queen ant
 12502 | D:10     | Noticed a satyr
 12502 | D:10     | a queen ant changed into a satyr
 12505 | D:10     | Noticed a great orb of eyes
 12505 | D:10     | a satyr changed into a great orb of eyes
 12509 | D:10     | Noticed a lindwurm
 12509 | D:10     | a great orb of eyes changed into a lindwurm
 12526 | D:10     | Noticed a fire crab
 12526 | D:10     | a komodo dragon changed into a fire crab
 12527 | D:10     | a fire crab changed into a black mamba
 12544 | D:10     | Reached skill level 8 in Spellcasting
 12986 | D:11     | Noticed a two-headed ogre
 12994 | D:11     | Killed a two-headed ogre
 13291 | D:11     | Found Loehoklo's Book Emporium.
 13299 | D:11     | Bought a book of Minor Magic for 320 gold pieces
 13303 | D:11     | Learned a level 3 spell: Mephitic Cloud
 13306 | D:11     | Noticed a brown ugly thing
 13332 | D:11     | Killed a brown ugly thing
 13591 | D:11     | Found a staircase to the Orcish Mines.
 13682 | D:11     | Noticed a catoblepas
 13713 | D:11     | Slain by a catoblepas

Illustrated notes

Levels and vault maps discovered:
D:1:      eino_arrival_druids_welcome, layout_basic, minmay_indecisive_spiral
D:2:      layout_loops_cross, kennysheep_generic_room_2
D:3:      layout_basic, uniq_natasha
D:4:      layout_loops_ring, minmay_temple_entry_arrows, grunt_ministairs_14,
          hangedman_abyss_or_decor_stabs, uniq_crazy_yiuf_cottage
D:5:      layout_loops_ring, serial_shops, nicolae_shop_waterfront,
          grunt_dithmenos_smoke
D:6:      layout_basic, gammafunk_temple_overflow_claw, serial_shops, shop,
          chequers_serial_rivers_large_b, amethyst_killhole,
          serial_bayou_pond_d, minivault_25, uniq_pikel
D:7:      wander_river, layout_layer_cave, doesnt_xom_only_xom,
          nemelex_spade_bored_becter
D:8:      layout_cave_pods, ebering_dispersal_statue_hall
D:9:      layout_loops_corners, erik_lair_island, uniq_erolcha
D:10:     layout_rooms, serial_curves, eino_curves_02, eino_curves_01,
          minmay_three_doors
D:11:     layout_roguey, orc_0_dummy, serial_shops, nicolae_shop_stone
Temple:   dpeg_five_rooms_temple

Skill      XL: |  1  2  3  4  5  6  7  8  9 10 11 |
---------------+----------------------------------+-----
Spellcasting   | 5 6 7 8 |  8.2
Invocations    | 1 2 3 4 5 6 7 |  7.0
Long Blades    | 1 2 3 4 5 6 |  6.3
Axes           | 1 2 3 4 5 6 |  6.3
Maces & Flails | 1 2 3 4 5 6 |  6.3
Polearms       | 1 2 3 4 5 6 |  6.3
Staves         | 1 2 3 4 5 6 |  6.3
Slings         | 1 2 3 4 5 6 |  6.3
Bows           | 1 2 3 4 5 6 |  6.3
Crossbows      | 1 2 3 4 5 6 |  6.3
Stealth        | 1 2 3 4 5 6 |  6.3
Shields        | 1 2 3 4 5 6 |  6.3
Unarmed Combat | 1 2 3 4 5 6 |  6.3
Evocations     | 1 2 3 4 5 6 |  6.3
Conjurations   | 1 2 3 4 5 |  5.2
Hexes          | 1 2 3 4 5 |  5.2
Summonings     | 1 2 3 4 5 |  5.2
Necromancy     | 1 2 3 4 5 |  5.2
Transmutations | 1 2 3 4 5 |  5.2
Fire Magic     | 1 2 3 4 5 |  5.2
Ice Magic      | 1 2 3 4 5 |  5.2
Air Magic      | 1 2 3 4 5 |  5.2
Earth Magic    | 1 2 3 4 5 |  5.2
Poison Magic   | 1 2 3 4 5 |  5.2
Throwing       | 3 4 5 6 |  6.9
Armour         | 3 4 5 6 |  6.9
Fighting       | 5 6 7 |  7.9
Short Blades   | 5 6 7 |  7.9
Dodging        | 5 6 7 |  7.9
Translocations | 6 7 |  7.7

Action                   |  1- 3 |  4- 6 |  7- 9 | 10-12 || total
-------------------------+-------+-------+-------+-------++-------
Melee: Short sword       |   164 |   251 |   501 |       ||   916
       Bite              |    14 |    26 |    92 |    75 ||   207
       Punch             |       |     3 |     6 |       ||     9
       Unarmed           |       |     7 |       |       ||     7
       Whip              |       |       |    97 |   125 ||   222
       Trident           |       |       |       |   214 ||   214
Throw: Boomerang         |       |     4 |    27 |     5 ||    36
 Cast: Blink             |       |     2 |     4 |       ||     6
       Passage of Golubr |       |       |       |     1 ||     1
       Mephitic Cloud    |       |       |       |     2 ||     2
       Ensorcelled Hiber |       |       |       |     2 ||     2
Invok: Bend Time         |       |     1 |       |     3 ||     4
       Slouch            |       |       |       |     3 ||     3
Evoke: Wand              |       |       |     6 |    11 ||    17
  Use: Scroll            |       |       |       |    11 ||    11
       Potion            |       |       |       |     1 ||     1
 Stab: Sleeping          |       |     5 |     4 |     4 ||    13
       Distracted        |       |       |       |     2 ||     2
       Confused          |       |       |       |     2 ||     2
       Invisible         |       |       |       |     1 ||     1
Armor: Leather armour    |    36 |    48 |    16 |       ||   100
       Skin              |       |     1 |       |       ||     1
       Ring mail         |       |       |    81 |       ||    81
       Scale mail        |       |       |    52 |   102 ||   154
Dodge: Dodged            |   139 |   191 |   295 |   216 ||   841
Block: Buckler           |       |       |    66 |   105 ||   171

Table legend: (Time is in decaauts)
 A = Elapsed time spent in this place.
 B = Non-inter-level travel time spent in this place.
 C = Inter-level travel time spent in this place.
 D = Time resting spent in this place.
 E = Time spent auto-exploring this place.
 F = Levels seen in this place.
 G = Mean time per level.
                   A        B        C        D        E       F      G
               +--------+--------+--------+--------+--------+-----+--------+
         Total |  16004 |  15394 |    610 |   2854 |   9901 |  12 | 1333.7 |
       Dungeon |  15712 |  15201 |    511 |   2854 |   9713 |  11 | 1428.4 |
        Temple |    291 |    193 |     98 |      0 |    188 |   1 |  291.0 |
               +--------+--------+--------+--------+--------+-----+--------+

Top non-repeatable levels by time:
     D:7: 2085 daAuts
     D:6: 2069 daAuts
     D:9: 1731 daAuts
     D:1: 1528 daAuts
     D:5: 1503 daAuts
    D:10: 1502 daAuts
     D:8: 1336 daAuts
     D:3: 1198 daAuts
     D:4: 1173 daAuts
     D:2: 877 daAuts
    D:11: 705 daAuts
  Temple: 291 daAuts
